General information
- name: BNet
- type: Ladder team game (AT/RT)
- host: Battle.net
- saver: EightLoko
map: TurtleRock
- players: 4
- length: 10:24
- speed: Fast
- version: 1.24 W3XP
- replay type: Public
» download(61 KB)
Players
team 1 (winner)
EightLoko (
purple | 83 APM | 867 actions | 10:24)
1 Mountain King
1 Storm Bolt
» actions
| Assign group hotkey | 83 | |
| Basic commands | 3 | |
| Build / train | 48 | |
| Enter build submenu | 17 | |
| Enter hero's abilities submenu | 1 | |
| Right click | 415 | |
| Select / deselect | 88 | |
| Select group hotkey | 166 | |
| Use ability | 46 | |
867 total
» units
» upgrades
| Masonry | 1 | |
| Swords | 1 | |
| Storm Hammers | 1 | |
| Armor | 1 | |
4 total
» buildings
| Altar of Kings | 1 | |
| Farm | 7 | |
| Lumber Mill | 1 | |
| Scout Tower | 4 | |
| Arcane Tower | 3 | |
| Keep | 2 | |
| Guard Tower | 6 | |
| Castle | 1 | |
| Gryphon Aviary | 2 | |
| Blacksmith | 1 | |
28 total
» build order
00:08 Altar of Kings
00:43 Farm
01:09 Farm
01:34 Lumber Mill
01:51 Scout Tower
02:18 Scout Tower
02:20 Arcane Tower
02:20 Arcane Tower
02:22 Farm
02:33 Farm
03:08 Keep
03:08 Keep
03:10 Guard Tower
03:10 Guard Tower
03:12 Scout Tower
04:02 Guard Tower
04:55 Scout Tower
05:40 Castle
05:51 Guard Tower
05:51 Guard Tower
06:11 Gryphon Aviary
06:12 Gryphon Aviary
06:14 Farm
06:14 Farm
06:15 Blacksmith
07:51 Farm
» items
| Boots of Speed | 1 | |
| Staff of Teleportation | 1 | |
| Lesser Clarity Potion | 6 | |
| Healing Salve | 2 | |
| Dust of Appearance | 1 | |
11 total
joe.nameth (
orange | 60 APM | 617 actions | 10:21)
3 Blademaster
2 Wind Walk
1 Critical Strike
» actions
| Assign group hotkey | 22 | |
| Basic commands | 38 | |
| Build / train | 29 | |
| Enter build submenu | 20 | |
| Enter hero's abilities submenu | 3 | |
| Give item / drop item | 2 | |
| Right click | 277 | |
| Select / deselect | 79 | |
| Select group hotkey | 103 | |
| Use ability | 44 | |
617 total
» units
| Peon | 12 | |
| Wind Rider | 3 | |
| Troll Batrider | 1 | |
16 total
» upgrades
» buildings
| Altar of Storms | 1 | |
| Orc Burrow | 6 | |
| War Mill | 1 | |
| Voodoo Lounge | 1 | |
| Watch Tower | 5 | |
| Stronghold | 1 | |
| Fortress | 1 | |
| Beastiary | 5 | |
21 total
» build order
00:08 Altar of Storms
00:14 Orc Burrow
00:24 War Mill
01:20 Voodoo Lounge
01:41 Watch Tower
03:13 Watch Tower
03:16 Watch Tower
03:19 Watch Tower
03:35 Watch Tower
04:13 Stronghold
04:42 Orc Burrow
04:49 Orc Burrow
06:08 Orc Burrow
06:41 Fortress
06:44 Beastiary
06:47 Beastiary
06:49 Beastiary
06:50 Beastiary
09:38 Orc Burrow
10:09 Beastiary
10:17 Orc Burrow
» items
| Circlet of Nobility | 1 | |
| Healing Salve | 1 | |
| Lesser Clarity Potion | 1 | |
| Scroll of Speed | 3 | |
6 total
team 2 (loser)
LordUther1997 (
green | 167 APM | 1712 actions | 10:15)
5 Archmage
1 Summon Water Elemental
2 Brilliance Aura
2 Blizzard
1 Blood Mage
1 Flame Strike
» actions
| Assign group hotkey | 340 | |
| Basic commands | 3 | |
| Build / train | 54 | |
| Enter build submenu | 12 | |
| Enter hero's abilities submenu | 6 | |
| Right click | 539 | |
| Select / deselect | 168 | |
| Select group hotkey | 536 | |
| Use ability | 54 | |
1712 total
» units
| Peasant | 14 | |
| Footman | 9 | |
| Sorceress | 2 | |
| Priest | 2 | |
| Rifleman | 1 | |
28 total
» upgrades
» buildings
| Altar of Kings | 1 | |
| Farm | 6 | |
| Barracks | 1 | |
| Keep | 3 | |
| Blacksmith | 1 | |
| Arcane Sanctum | 1 | |
13 total
» build order
00:08 Altar of Kings
00:11 Farm
01:06 Barracks
01:26 Farm
02:31 Farm
03:48 Keep
03:49 Keep
05:01 Blacksmith
05:04 Farm
06:22 Arcane Sanctum
06:45 Farm
08:00 Farm
» items
| Lesser Clarity Potion | 2 | |
| Healing Salve | 2 | |
| Tome of Retraining | 1 | |
| Potion of Lesser Invulnerability | 1 | |
6 total
MeatWagon272 (
pink | 144 APM | 1487 actions | 10:20)
2 Blademaster
1 Wind Walk
1 Critical Strike
1 Shadow Hunter
1 Hex
» actions
| Assign group hotkey | 14 | |
| Basic commands | 13 | |
| Build / train | 39 | |
| Enter build submenu | 9 | |
| Enter hero's abilities submenu | 3 | |
| Right click | 714 | |
| Select / deselect | 165 | |
| Select group hotkey | 440 | |
| Use ability | 90 | |
1487 total
» units
| Peon | 7 | |
| Grunt | 6 | |
| Raider | 1 | |
| Spirit Walker | 1 | |
| Troll Batrider | 2 | |
17 total
» upgrades
» buildings
| Altar of Storms | 1 | |
| Orc Burrow | 4 | |
| Barracks | 1 | |
| Stronghold | 1 | |
| Voodoo Lounge | 1 | |
| Beastiary | 1 | |
| Spirit Lodge | 1 | |
10 total
» build order
00:05 Altar of Storms
00:22 Orc Burrow
00:39 Barracks
01:32 Orc Burrow
02:55 Stronghold
03:15 Voodoo Lounge
03:56 Orc Burrow
06:07 Beastiary
06:14 Spirit Lodge
08:32 Orc Burrow
» items
| Circlet of Nobility | 1 | |
| Healing Salve | 3 | |
| Lesser Clarity Potion | 5 | |
| Scroll of Speed | 1 | |
10 total
Chat log
(00:12 / All) EightLoko: meat wagon driver?
(00:18 / All) LordUther1997: you thought of that?
(00:19 / Allies) EightLoko: th 0ff
(00:27 / Allies) joe.nameth: th off
(00:31 / All) MeatWagon272: You fail to amuse me.
(00:39 / All) EightLoko: come at me brio
(00:47 / All) MeatWagon272: An elf would have thought of something better...
(00:55 / All) MeatWagon272: You fail to amuse me.
(00:56 / All) LordUther1997: hough Dread Lords have been known to revel in the gore of single combat, they generally prefer to manipulate and beguile
(01:01 / All) LordUther1997: their enemies from the shadows
(01:04 / All) EightLoko: clan towa?
(01:22 / Allies) EightLoko: these guys are tryign to be funny
(01:23 / All) MeatWagon272: "What?!?!??! You cant possible mean t-"
(01:24 / Allies) EightLoko: tih their usernames
(01:25 / All) MeatWagon272: -MalGanis
(01:27 / Allies) joe.nameth: are we going to be tying
(01:43 / Allies) EightLoko: dumpster races on a dumpster map
(01:44 / Allies) EightLoko: idk
(02:06 / Allies) EightLoko: if he creeps that spot
(02:08 / Allies) EightLoko: faster htan u can jack
(02:11 / Allies) EightLoko: we are moving to tietown
(02:54 / All) EightLoko: yee haw cowboy
(03:43 / Allies) EightLoko: top troll has tome
(03:57 / Allies) joe.nameth: these tryhards are at least goign to sweat
(04:03 / Allies) EightLoko: ya
(04:38 / Allies) EightLoko: god cannot jack fast enough
(04:51 / Allies) EightLoko: :[
(05:34 / All) MeatWagon272: noob hackers
(05:36 / All) LordUther1997: Justice has come.
(05:39 / Allies) EightLoko: GOCMOEAN
(05:46 / All) EightLoko: ic aME
(05:46 / All) EightLoko: IC AME
(06:21 / All) MeatWagon272: y u fags hack???
(06:27 / All) EightLoko: p[roblem?
(06:29 / All) MeatWagon272: yeah
(06:31 / All) MeatWagon272: youre faggots
(06:35 / All) EightLoko: u mirin my intuition?
(06:43 / Allies) EightLoko: grunt
(08:08 / Allies) EightLoko: bm
(08:09 / Allies) EightLoko: blodomage
(08:32 / Allies) EightLoko: sorc next
(08:36 / Allies) EightLoko: AM
(09:44 / Allies) EightLoko: trade bats
(09:45 / Allies) EightLoko: with him
(09:57 / Allies) EightLoko: come
(09:59 / Allies) EightLoko: brin air
(10:01 / Allies) EightLoko: and make bats now
(10:18 / All) EightLoko: HAW
(10:18 / All) EightLoko: HAW
(10:19 / All) joe.nameth: GUFFFFFF
(10:20 / All) EightLoko: RAPED
(10:20 / All) EightLoko: RAPED
(10:21 / All) joe.nameth: FAW